 Dungeon Crawl Stone Soup version 0.28-a0-938-gbc3f381ebc (webtiles) character file.

Game seed: 11485288248677974021

15 siradein the Charlatan (level 2, -2/21 HPs)
             Began as a Demonspawn Artificer on Nov 28, 2021.
             Slain by a gnoll (5 damage)
             ... on level 2 of the Dungeon.
             The game lasted 00:01:27 (1128 turns).

siradein the Charlatan (Demonspawn Artificer)       Turns: 1128, Time: 00:01:28

Health: -2/21      AC: 10    Str: 12    XL:     2   Next: 34%
Magic:  2/2        EV:  0    Int: 12    God:
Gold:   12         SH:  7    Dex: 13    Spells: 1/1 levels left

rFire   . . .      SeeInvis .   f - +0 short sword
rCold   . . .      Faith    .   i - +0 kite shield
rNeg    . . .      Spirit   .   l - +0 plate armour
rPois   .          Reflect  .   (helmet restricted)
rElec   .          Harm     .   (no cloak)
rCorr   .          Rampage  .   (no gloves)
Will    .....                   (no boots)
Stlth   ..........              (no amulet)
HPRegen 0.07/turn               (no ring)
MPRegen 0.08/turn               (no ring)

@: no status effects
A: antennae 1
a: no special abilities


You were on level 2 of the Dungeon.
You visited 1 branch of the dungeon, and saw 2 of its levels.

You collected 12 gold pieces.

Inventory:

Hand Weapons
 f - a +0 short sword (weapon)
Missiles
 j - 8 poisoned darts
Armour
 i - a +0 kite shield (worn)
 l - a +0 plate armour (worn)
Wands
 c - a wand of flame (14) (quivered)
 d - a wand of charming (15)
Scrolls
 h - a scroll of identify {unknown}
 k - a scroll of magic mapping {unknown}
Potions
 a - a potion of curing {unknown}
 g - a potion of brilliance {unknown}
Miscellaneous
 e - a piece from Xom's chessboard (15/15)


   Skills:
 + Level 1.3 Fighting
 + Level 2.0 Armour
 + Level 1.3 Dodging
 - Level 0.8 Stealth
 + Level 3.2 Evocations


You had one spell level left.
You didn't know any spells.
Your spell library contained the following spells:

 Spells                   Type           Power      Damage    Failure   Level
 Summon Small Mammal      Summ           0%         N/A       100%        1
 Call Canine Familiar     Summ           0%         N/A       100%        3
 Summon Guardian Golem    Hex/Summ       0%         N/A       100%        3


Dungeon Overview and Level Annotations

Branches:
Dungeon (2/15)

Altars:


Innate Abilities, Weirdness & Mutations

You have a pair of small antennae on your head.


Message History

Your surroundings suddenly seem different.
A rat and 3 gnolls come into view.
The gnoll shouts! x3
Your shield and plate armour prevent you from hitting the rat.
The rat bites you but does no damage. The gnoll hits you but does no damage.
You hit the rat.
The rat is heavily wounded.
The rat bites you but does no damage.
The gnoll hits you from afar with a +0 spear.
The rat bites you.
You closely miss the rat.
The rat is heavily wounded.
The gnoll hits you from afar with a +0 spear.
The rat bites you but does no damage. The gnoll hits you but does no damage.
You hit the rat but do no damage.
The rat is heavily wounded.
You block the rat's attack. The gnoll hits you but does no damage.
You hit the rat.
You kill the rat!
The gnoll hits you from afar with a +0 spear. x2
A rat comes into view.
A rat and a hobgoblin come into view.
The hobgoblin shouts!
The rat moves out of view.
Found a club.
The hobgoblin hits you. The rat bites you but does no damage.
You block the rat's attack.
The hobgoblin hits you but does no damage.
The rat bites you but does no damage. The rat bites you but does no damage.
You block the gnoll's attack.
The hobgoblin hits you but does no damage.
The hobgoblin hits you but does no damage.
The gnoll hits you but does no damage.
The hobgoblin hits you but does no damage.
You block the rat's attack.
The gnoll hits you from afar with a +0 halberd.
* * * LOW HITPOINT WARNING * * *
The gnoll hits you but does no damage.
The gnoll hits you from afar with a +0 spear.
You die...

#.# #.# #.# .
#####.# ##.#
##...#.##...#
##......#..#
#.........#
#.......###
#.@g....#
##rrg...#
#..gg...#
#.......#
#)......#
##.....##
##...## #####


You could see 3 gnolls, a hobgoblin and 2 rats.

Vanquished Creatures
  A dart slug (D:1)
  A giant cockroach (D:1)
  A kobold (D:1)
  2 quokkas (D:1)
  2 ball pythons (D:1)
  A bat (D:1)
  3 frilled lizards (D:1)
  4 rats
15 creatures vanquished.

Notes
Turn   | Place    | Note
-------+----------+-------------------------------------------
     0 | D:1      | siradein the Demonspawn Artificer began the quest for the
                  | Orb.
     0 | D:1      | Reached XP level 1. HP: 15/15 MP: 1/1
   177 | D:1      | Reached skill level 1 in Dodging
   202 | D:1      | Found a faded altar of an unknown god.
   241 | D:1      | Gained mutation: You have a pair of small antennae on your
                  | head. [demonic ancestry]
   241 | D:1      | Reached XP level 2. HP: 11/21 MP: 2/2
  1128 | D:2      | Slain by a gnoll

Illustrated notes

Levels and vault maps discovered:
D:1:      lightli_arrival_statuegarden, layout_loops_ring,
          ebering_ecumenical_altar_sacrificial
D:2:      minmay_alternating_diamond, layout_rooms, basic_altar,
          kennysheep_potato, uniq_sigmund

Skill      XL: |  1 |
---------------+----+-----
Dodging        | 1 |  1.3
Armour         | 2 |  2.0
Fighting       | |  1.3
Stealth        | |  0.8
Evocations     | |  3.2

Action                   || total
-------------------------++-------
Melee: Short sword       ||    44
       Club              ||     6
Evoke: Wand              ||     1
 Stab: Sleeping          ||     2
Armor: Leather armour    ||     6
       Plate armour      ||    15
Dodge: Dodged            ||    27
Block: Kite shield       ||     9

Table legend: (Time is in decaauts)
 A = Elapsed time spent in this place.
 B = Non-inter-level travel time spent in this place.
 C = Inter-level travel time spent in this place.
 D = Time resting spent in this place.
 E = Time spent auto-exploring this place.
 F = Levels seen in this place.
 G = Mean time per level.
                   A        B        C        D        E       F      G
               +--------+--------+--------+--------+--------+-----+--------+
         Total |   1140 |   1130 |     10 |      4 |    915 |   2 |  570.0 |
       Dungeon |   1140 |   1130 |     10 |      4 |    915 |   2 |  570.0 |
               +--------+--------+--------+--------+--------+-----+--------+

Top non-repeatable levels by time:
     D:1: 1116 daAuts
     D:2: 24 daAuts
